 Dungeon Crawl Stone Soup version 0.20-a0-2-g2b0e13a (webtiles) character file.

78 yukitheduck the Cudgeler (level 4, -9/48 HPs)
             Began as an Ogre Fighter on Oct 28, 2016.
             Was an Initiate of Trog.
             Mangled by a gnoll
             ... wielding a +0 flail
              (10 damage)
             ... on level 2 of the Dungeon.
             The game lasted 00:06:15 (1228 turns).

yukitheduck the Cudgeler (Ogre Fighter)             Turns: 1228, Time: 00:06:16

Health: -9/48      AC:  3    Str: 21 (22) XL:     4   Next: 36%
Magic:  4/4        EV: 11    Int:  6 (7)  God:    Trog [......]
Gold:   95         SH:  8    Dex:  7 (9)  Spells: 0 memorised, 3 levels left

rFire  . . .     SeeInvis .     a - +0 flail
rCold  . . .     Gourm    .     b - +0 robe
rNeg   . . .     Faith    .     c - +0 shield
rPois  .         Spirit   .     (helmet restricted)
rElec  .         Reflect  .     (no cloak)
rCorr  .         Harm     .     (gloves unavailable)
MR     .....                    (boots unavailable)
Stlth  +.........               (no amulet)
                                (no ring)
                                o - +3 ring of evasion

@: no status effects
A: unfitting armour, tough skin 1
a: Burn Spellbooks, Renounce Religion


You were on level 2 of the Dungeon.
You worshipped Trog.
Trog was noncommittal.
You were not hungry.

You visited 1 branch of the dungeon, and saw 2 of its levels.

You collected 95 gold pieces.

Inventory:

Hand Weapons
 a - a +0 flail (weapon)
Armour
 b - a +0 robe (worn)
 c - a +0 shield (worn)
Jewellery
 o - a +3 ring of evasion (left hand)
Scrolls
 d - a scroll of enchant weapon {unknown}
 e - a scroll of teleportation {unknown}
 h - a scroll of random uselessness {unknown}
 j - a scroll of identify {unknown}
 k - a scroll of magic mapping {unknown}
Potions
 i - a potion of curing
Comestibles
 f - 2 bread rations
 g - 7 chunks of flesh


   Skills:
 - Level 4.0 Fighting
 + Level 5.9 Maces & Flails
 - Level 2.6 Dodging
 - Level 2.6 Shields


You had 3 spell levels left.
You didn't know any spells.

Dungeon Overview and Level Annotations

Branches:
Dungeon (2/15)

Altars:
Dithmenos
Nemelex Xobeh
Trog
Uskayaw

Annotations:
D:1 1 runed door


Innate Abilities, Weirdness & Mutations

You are too large for most types of armour.
You have tough skin. (AC +1)


Message History

The gnoll hits you from afar with a spear.
The gnoll misses you.
The gnoll hits you from afar with a spear!
You closely miss the gnoll. The gnoll hits you with a flail!
* * * LOW HITPOINT WARNING * * *
You block the gnoll's attack.
You are too injured to fight recklessly!
You closely miss the gnoll.
The gnoll hits you from afar with a spear.
* * * LOW HITPOINT WARNING * * *
You block the gnoll's attack.
You thump the gnoll!
The gnoll is severely wounded.
The gnoll closely misses you. x2
You hit the gnoll.
The gnoll is almost dead.
The gnoll hits you from afar with a spear!
* * * LOW HITPOINT WARNING * * *
The gnoll hits you with a flail!
You die...

#.#.8.8.#.#.8. ##.##...##.##..
.# ##############..######...###
....#...§..#..........##........
♣...P♣♣§§......♣♣♣♣......#####
♣.§≈PP.♣♣.♣♣♣♣.P.♣>..#
♣♣.♣♣♣♣.♣.# #PP.)♣...##
♣..♣♣♣P.♣##.##.♣......####
♣....♣..#@gg.+#P.......... .
♣P.♣.....##.##♣......##..#
P.P♣♣..♣.♣.♣.###♣.P.♣....#..#
....P..♣..♣♣...♣.♣.....#<...#
.8...♣P.♣P...P♣.♣♣.#..#####.#
...♣.PPP..♣♣.♣..♣............
.P.♣♣.P♣♣♣.♣.♣.♣....#..[....# P♣
♣..♣ ♣..♣.♣.♣♣§♣...####### ♣PP.
♣....♣..§§PP..#


You could see 2 gnolls.

Vanquished Creatures
  Ijyb (D:2)
  An adder (D:2)
  2 worms (D:2)
  A leopard gecko (D:2)
  5 bats
  A giant cockroach (D:2)
  2 goblins (D:1)
  4 hobgoblins (D:1)
  4 jackals (D:2)
  6 kobolds
  3 quokkas (D:2)
  3 rats
33 creatures vanquished.

Notes
Turn   | Place    | Note
-------+----------+-------------------------------------------
     0 | D:1      | yukitheduck the Ogre Fighter began the quest for the Orb.
     0 | D:1      | Reached XP level 1. HP: 24/24 MP: 1/1
     1 | D:1      | Found a runed door.
    51 | D:1      | Reached skill level 3 in Maces & Flails
    90 | D:1      | Reached XP level 2. HP: 3/32 MP: 2/2
   598 | D:1      | Reached skill level 4 in Maces & Flails
   896 | D:2      | Reached XP level 3. HP: 34/39 MP: 3/3
   995 | D:2      | Noticed Ijyb
  1015 | D:2      | Killed Ijyb
  1015 | D:2      | Reached skill level 5 in Maces & Flails
  1059 | D:2      | Reached XP level 4. HP: 35/48 MP: 4/4
  1144 | D:2      | Found a sparkling altar of Nemelex Xobeh.
  1154 | D:2      | Found a hide-covered altar of Uskayaw.
  1163 | D:2      | Found a shadowy altar of Dithmenos.
  1172 | D:2      | Found a bloodstained altar of Trog.
  1176 | D:2      | Became a worshipper of Trog the Wrathful
  1228 | D:2      | HP: 1/48 [gnoll/spear (8)]
  1228 | D:2      | Mangled by a gnoll

Vault maps used:
D:1:      dpeg_arrival_caged_fury
D:2:      wad_woods_tower, grunt_temple_overflow_cloverleaf, uniq_iyjb

Skill      XL: |  1  2  3 |
---------------+----------+-----
Maces & Flails | 3 4 5 |  5.9
Fighting       | |  4.0
Dodging        | |  2.6
Shields        | |  2.6

Action                   |  1- 3 |  4- 6 || total
-------------------------+-------+-------++-------
Melee: Flail             |    91 |    35 ||   126
  Use: Potion            |     4 |     1 ||     5
 Stab: Sleeping          |     1 |       ||     1
  Eat: Chunk             |     1 |       ||     1
Armor: Robe              |    19 |     3 ||    22
Dodge: Dodged            |    51 |    12 ||    63
Block: Shield            |    46 |    17 ||    63
